 Dungeon Crawl Stone Soup version 0.29.1-2-gbd0b4ee654 (webtiles) character file.

Game seed: 12028148770503182576

44 Descartes the Ducker (level 3, -1/18 HPs)
             Began as a Spriggan Wanderer on Nov 16, 2022.
             Frozen to death by an endoplasm (5 damage)
             ... on level 2 of the Dungeon.
             The game lasted 00:03:50 (1408 turns).

Descartes the Ducker (Spriggan Wanderer)            Turns: 1408, Time: 00:03:51

Health: -1/18      AC:  2    Str:  7    XL:     3   Next: 41%
Magic:  18/18      EV: 20    Int: 13    God:
Gold:   109        SH:  0    Dex: 17    Spells: 10/10 levels left

rFire   . . .      SeeInvis +   b - +0 dagger
rCold   . . .      Faith    .   (no shield)
rNeg    . . .      Spirit   .   c - +0 robe
rPois   .          Reflect  .   (helmet restricted)
rElec   .          Harm     .   (no cloak)
rCorr   .          Rampage  .   (gloves unavailable)
Will    +....                   (boots unavailable)
Stlth   ++........              (no amulet)
HPRegen 0.06/turn               k - ring of magical power
MPRegen 0.16/turn               o - ring of willpower

@: very quick
A: very small, no large weapons, unfitting armour, see invisible, speed 3
a: no special abilities


You were on level 2 of the Dungeon.
You visited 1 branch of the dungeon, and saw 2 of its levels.

You collected 109 gold pieces.

Inventory:

Hand Weapons
 a - a +0 sling
 b - a +0 dagger (weapon)
Missiles
 i - 2 throwing nets (quivered)
Armour
 c - a +0 robe (worn)
 q - an orb of wrath
Jewellery
 k - a ring of magical power (left hand)
 o - a ring of willpower (right hand)
Scrolls
 f - a scroll of identify {unknown}
 g - a scroll of magic mapping {unknown}
 l - a scroll of teleportation {unknown}
 m - 3 scrolls of fear {unknown}
 p - a scroll of immolation {unknown}
Potions
 d - a potion of attraction
 e - a potion of lignification
 h - a potion of brilliance {unknown}
 j - a potion of invisibility {unknown}
 n - a potion of degeneration {unknown}


   Skills:
 - Level 1.0 Fighting
 + Level 1.6 Ranged Weapons
 - Level 1.0 Throwing
 + Level 5.7 Dodging
 + Level 2.0 Stealth
 + Level 0.9 Unarmed Combat
 + Level 4.4 Spellcasting


You had 10 spell levels left.
You didn't know any spells.
Your spell library was empty.

Dungeon Overview and Level Annotations

Branches:
Dungeon (2/15)

Altars:


Innate Abilities, Weirdness & Mutations

You are very small and have problems with some larger weapons.
You are too small for most types of armour.
You have supernaturally acute eyesight. (SInv)
You cover ground extremely quickly. (Speed+++)


Message History

You are too injured to fight recklessly!
You escape the ball python's grasp.
The ball python misses you. The ball python grabs you.
The ball python constricts you.
The ball python's grasp on you weakens, but your attempt to escape fails.
The hobgoblin hits you but does no damage.
The ball python bites you. The ball python constricts you.
* * * LOW HITPOINT WARNING * * *
You escape the ball python's grasp.
You hit the ball python.
The ball python is severely wounded.
The ball python completely misses you. The ball python barely misses you.
You barely miss the ball python.
The ball python is severely wounded.
The ball python closely misses you. x2; The ball python misses you.
The ball python closely misses you.
You hit the ball python.
You kill the ball python!
You hit the ball python but do no damage.
The ball python misses you. The ball python closely misses you.
You hit the ball python.
The ball python is moderately wounded.
The ball python completely misses you. x2; The ball python misses you. x2
You hit the ball python but do no damage.
The ball python is moderately wounded.
The ball python barely misses you. The ball python closely misses you.
You hit the ball python.
You kill the ball python!
You hit the frilled lizard.
You kill the frilled lizard!
You hit the endoplasm but do no damage. The endoplasm barely misses you.
You hit the endoplasm.
The endoplasm is heavily wounded.
The endoplasm freezes you.
You are frozen.
* * * LOW HITPOINT WARNING * * *
You hit the endoplasm.
The endoplasm is heavily wounded.
The endoplasm freezes you.
You are frozen.
You die...

.. ###.#######. ..[.#
##...........
....#####.†..........
..........###.#..###.
#######...#...............
........#....#............
........####..............
........####..............
.......gJ@................
......†g#####.........)...
........# ...............
##..##### ................
#. ................ #
.......#.....
.....##.....# .. #.....#
#..#...


You could see an endoplasm and 2 hobgoblins.

Vanquished Creatures
  An adder (D:2)
  5 endoplasms
  3 goblins
  2 hobgoblins
  A quokka (D:1)
  7 ball pythons
  7 bats
  A frilled lizard (D:2)
  5 kobolds (D:1)
  5 rats
37 creatures vanquished.

Notes
Turn   | Place    | Note
-------+----------+-------------------------------------------
     0 | D:1      | Descartes the Spriggan Wanderer began the quest for the
                  | Orb.
     0 | D:1      | Descartes set off with the following items: a +0 sling, 2
                  | throwing nets, a +0 robe, a potion of attraction, a potion
                  | of lignification.
     0 | D:1      | Reached XP level 1. HP: 10/10 MP: 6/6
    47 | D:1      | Found a faded altar of an unknown god.
   154 | D:1      | Reached skill level 1 in Stealth
   158 | D:1      | Reached XP level 2. HP: 14/14 MP: 8/8
  1158 | D:2      | Reached XP level 3. HP: 17/18 MP: 9/9
  1408 | D:2      | Frozen to death by an endoplasm

Illustrated notes

Levels and vault maps discovered:
D:1:      giann_bridges, layout_loops_ring,
          shapermc_ecumenical_altar_mp_highgroup
D:2:      layout_rooms, minmay_rat_hole

Skill      XL: |  1  2  3 |
---------------+----------+-----
Stealth        | 1 2 |  2.0
Fighting       | |  1.0
Ranged Weapons | |  1.6
Throwing       | |  1.0
Dodging        | |  5.7
Unarmed Combat | |  0.9
Spellcasting   | |  4.4

Action                   || total
-------------------------++-------
Melee: Dagger            ||    45
 Fire: Sling             ||    90
 Stab: Sleeping          ||     2
Armor: Robe              ||     5
Dodge: Dodged            ||   115
